 Dungeon Crawl Stone Soup version 0.19.4-8-ga85b6b9 (webtiles) character file.

329 Naow the Conjurer (level 6, -8/32 HPs)
             Began as a Deep Elf Conjurer on Feb 13, 2017.
             Killed by nerve-wracking pain
             ... invoked by Grinder
              (10 damage)
             ... on level 3 of the Dungeon.
             The game lasted 00:04:12 (3150 turns).

Naow the Conjurer (Deep Elf Conjurer)               Turns: 3150, Time: 00:04:13

Health: -8/32      AC:  3    Str:  5    XL:     6   Next: 25%
Magic:  3/16       EV: 13    Int: 22    God:
Gold:   106        SH:  0    Dex: 15    Spells: 4 memorised, 4 levels left

rFire  . . .     SeeInvis .     (no weapon)
rCold  . . .     Gourm    .     a - +0 robe
rNeg   . . .     Faith    .     (no shield)
rPois  .         Spirit   .     (no helmet)
rElec  .         Reflect  .     f - +0 cloak
rCorr  .         Harm     .     (no gloves)
MR     .....                    (no boots)
Stlth  ++........               (no amulet)
                                (no ring)
                                (no ring)

@: no status effects
A: no striking features
a: no special abilities


You were on level 3 of the Dungeon.
You were hungry.

You visited 1 branch of the dungeon, and saw 3 of its levels.

You collected 106 gold pieces.

Inventory:

Armour
 a - a +0 robe (worn)
 f - a +0 cloak (worn)
Scrolls
 g - 2 scrolls of enchant armour {unknown}
 j - a scroll of magic mapping {unknown}
 k - a scroll of fear {unknown}
 m - 2 scrolls of fog {unknown}
 o - 2 scrolls of enchant weapon {unknown}
 p - a scroll of random uselessness {unknown}
 q - 2 scrolls of teleportation {unknown}
 r - 2 scrolls of identify {unknown}
Potions
 e - a potion of heal wounds {unknown}
 i - a potion of ambrosia {unknown}
 s - 2 potions of cure mutation {unknown}
 t - a potion of haste {unknown}
Books
 b - a book of Conjurations

   Spells                             Type                      Level
   a - Magic Dart                     Conjuration                  1
   b - Searing Ray                    Conjuration                  2
   c - Dazzling Spray                 Conjuration/Hexes            3
   d - Fulminant Prism                Conjuration/Hexes            4
   e - Iskenderun's Mystic Blast      Conjuration                  4
   f - Iskenderun's Battlesphere      Conjuration/Charms           5
Comestibles
 c - a bread ration
 h - a royal jelly
 l - a beef jerky
 n - a meat ration


   Skills:
 - Level 2.4 Dodging
 - Level 2.4 Stealth
 + Level 5.5 Spellcasting
 * Level 7.0 Conjurations
 + Level 2.4 Charms


You had 4 spell levels left.
You knew the following spells:

 Your Spells              Type           Power        Failure   Level  Hunger
a - Magic Dart            Conj           ####         1%          1    None
b - Searing Ray           Conj           #####.       1%          2    None
c - Iskenderun's Battles  Conj/Chrm      ####....     38%         5    #####..
d - Iskenderun's Mystic   Conj           #####...     8%          4    ####...


Dungeon Overview and Level Annotations

Branches:
Dungeon (3/15)

Altars:
Elyvilon
Gozag

Annotations:
D:3 1 runed door, Grinder; luab's ghost, amateur HOFi


Message History

Luab's ghost turns its malevolent gaze towards you.
Grinder gestures at you.
You struggle to resist.
Grinder gestures at you.
You suddenly lose the ability to move!
Luab's ghost wails, "Very impressive.
But it won't help.
Nothing will."
Grinder gestures at you. You resist with some effort. Luab's ghost hits you!
* * * LOW HITPOINT WARNING * * *
Luab's ghost hits you.
* * * LOW HITPOINT WARNING * * *
The goblin unwields an uncursed dagger.
The goblin wields a hunting sling.
The goblin shoots a stone.
The stone hits you but does no damage. Luab's ghost barely misses you.
You can move again.
You see here a stone.
Grinder gestures at you. Pain shoots through your body!
You die...

###.....[....##.....'........
##.######.........#.........
.# #.# #.........#.........
.## #.# #.........#....... ..
#.## #.........#....... . .#
#..# #.........#....... .##
##.# #..5(.....#....... #..#
#.#####...W.....#.......
#...#
#.##.....@...>..g.......
.(..#
#..#......#.....#.......
....#
##.#......####.##...####
....# #........##.#.# ...#
....# ##..........#.# ...#
....# #......###.#.# ...#
....# ##...........# ####
....# ##...#+###.### ....#
#...........########


You could see Grinder, luab's ghost and a goblin.

Vanquished Creatures
  Sigmund (D:3)
  An iguana (D:3)
  A worker ant (D:3)
  5 adders
  2 worms
  3 dart slugs (D:2)
  A leopard gecko (D:1)
  2 giant cockroaches
  6 goblins
  15 hobgoblins
  3 jackals (D:1)
  7 kobolds
  A quokka (D:3)
  2 ball pythons
  9 bats
  7 frilled lizards
  A leopard gecko zombie (D:3)
  5 rats
72 creatures vanquished.

Notes
Turn   | Place    | Note
-------+----------+-------------------------------------------
     0 | D:1      | Naow the Deep Elf Conjurer began the quest for the Orb.
     0 | D:1      | Reached XP level 1. HP: 10/10 MP: 6/6
   183 | D:1      | Reached XP level 2. HP: 15/15 MP: 5/8
   379 | D:1      | Reached skill level 5 in Conjurations
   799 | D:1      | Reached XP level 3. HP: 19/19 MP: 3/10
  1142 | D:2      | Found a white marble altar of Elyvilon.
  1376 | D:2      | Reached XP level 4. HP: 21/24 MP: 6/12
  1528 | D:2      | Learned a level 2 spell: Searing Ray
  2148 | D:3      | Found an opulent altar of Gozag.
  2155 | D:3      | Noticed luab's ghost (amateur HOFi)
  2383 | D:3      | Reached skill level 6 in Conjurations
  2581 | D:3      | Found a runed door.
  2636 | D:3      | Reached XP level 5. HP: 28/28 MP: 11/14
  2672 | D:3      | Learned a level 5 spell: Iskenderun's Battlesphere
  2677 | D:3      | Learned a level 4 spell: Iskenderun's Mystic Blast
  2686 | D:3      | Noticed Sigmund
  2706 | D:3      | Killed Sigmund
  2706 | D:3      | Reached skill level 5 in Spellcasting
  2706 | D:3      | Reached XP level 6. HP: 4/32 MP: 0/16
  3106 | D:3      | Reached skill level 7 in Conjurations
  3107 | D:3      | Noticed Grinder
  3143 | D:3      | Paralysed by Grinder for 6 turns
  3147 | D:3      | HP: 1/32 [luab's ghost (1)]
  3150 | D:3      | Killed from afar by Grinder

Skill      XL: |  1  2  3  4  5  6 |
---------------+-------------------+-----
Conjurations   | 5 6 7 |  7.0
Spellcasting   | 4 5 |  5.5
Charms         | 2 |  2.4
Dodging        | |  2.4
Stealth        | |  2.4

Action                   |  1- 3 |  4- 6 || total
-------------------------+-------+-------++-------
Melee: Unarmed           |     9 |       ||     9
 Cast: Magic Dart        |    80 |    77 ||   157
       Searing Ray       |       |     6 ||     6
  Eat: Chunk             |     1 |     5 ||     6
Armor: Robe              |     2 |     2 ||     4
Dodge: Dodged            |    14 |     7 ||    21
